 Dungeon Crawl Stone Soup version 0.17-a0-1447-g3d113ad (webtiles) character file.

869298 Geeful the Conqueror (level 27, -11/300 HPs)
             Began as a Minotaur Gladiator on June 26, 2015.
             Was a High Priest of Okawaru.
             Killed by Shatter
             ... invoked by Wupietuc the pandemonium lord
              (83 damage)
             ... in Pandemonium on June 29, 2015.
             The game lasted 07:12:58 (89171 turns).

Geeful the Conqueror (Minotaur Gladiator)          Turns: 89171, Time: 07:12:59

Health: -11/300    AC: 41    Str: 28    XL:     27
Magic:  43/44      EV: 39    Int: 15    God:    Okawaru [*****.]
Gold:   6476       SH:  0    Dex: 28    Spells: 5 memorised, 34 levels left

rFire  + + +     SeeInvis +     U - +6 lajatang of Giagyqur {slice, *Contam rElec rPois rC+}
rCold  + + +     Clarity  .     H - +8 chain mail of the Lizard {rElec MR+ Str+5 Dex+2}
rNeg   + + .     SustAt   .     (no shield)
rPois  +         Gourm    .     W - +2 hat of Okawaru's Supremacy {rF++}
rElec  +         Spirit   .     C - +2 cloak of Starlight {rElec rC+ EV+4 Stlth--}
rCorr  +         Warding  .     R - +3 pair of gauntlets of War {Slay+5}
rMut   +         Stasis   .     I - +2 pair of boots {rF+}
MR     +++..                    L - amulet "Xudghomme" {rMut rN+ Str+2 Dex+3 Slay+3}
Stlth  ..........               S - ring of Couttot {+Inv rN+ Int+7}
                                P - ring "Teh Uroe" {rC+ MP+9 Int+3 SInv Stlth+}

@: about to teleport, resistant, heroism, finesse, frozen, very slightly
contaminated, hasted, repel missiles, quick, extremely resistant to hostile
enchantments, extremely unstealthy
A: retaliatory headbutt, beak, horns 2, blurry vision 1, mutation resistance 1,
robust 1
a: Heroism, Finesse, Renounce Religion, Evoke Invisibility
}: 6/15 runes: barnacled, slimy, silver, abyssal, demonic, gossamer


You were in Pandemonium.
You worshipped Okawaru.
Okawaru was extremely pleased with you.
You were not hungry.

You visited 12 branches of the dungeon, and saw 63 of its levels.
You visited Pandemonium 1 time, and saw 5 of its levels.
You visited the Abyss 5 times.
You visited 1 ziggurat, and saw 9 of its levels.
You also visited: Trove, Sewer, Bailey and Volcano.

You collected 10493 gold pieces.
You spent 4017 gold pieces at shops.

Inventory:

Hand weapons
 U - the +6 lajatang of Giagyqur (weapon) {slice, *Contam rElec rPois rC+}
   (Okawaru gifted it to you on level 5 of the Lair of Beasts)

   It inflicts extra damage upon your enemies.
   It protects you from cold.
   It insulates you from electricity.
   It protects you from poison.
   It causes magical contamination when unequipped.
Armour
 C - the +2 cloak of Starlight (worn) {rElec rC+ EV+4 Stlth--}
   (You found it on level 3 of the Elven Halls)

   It affects your evasion (+4).
   It protects you from cold.
   It insulates you from electricity.
   It makes you much less stealthy.
 H - the +8 chain mail of the Lizard (worn) {rElec MR+ Str+5 Dex+2}
   (You bought it in a shop on level 4 of the Orcish Mines)

   It affects your strength (+5).
   It affects your dexterity (+2).
   It insulates you from electricity.
   It affects your resistance to hostile enchantments.
 I - a +2 pair of boots of fire resistance (worn)
 R - the +3 pair of gauntlets of War (worn) {Slay+5}
   (You acquired it on level 1 of the Shoals)

   It affects your accuracy and damage with ranged weapons and melee attacks
   (+5).
 W - the +2 hat of Okawaru's Supremacy (worn) {rF++}
   (Okawaru gifted it to you on level 6 of the Lair of Beasts)

   It greatly protects you from fire.
Jewellery
 a - an uncursed amulet of regeneration
 f - a +4 ring of slaying
 n - the ring of Pasi {+Fly Str+5 Int-2}
   (You found it in a treasure trove)

   [ring of flight]

   It affects your strength (+5).
   It affects your intelligence (-2).
   It lets you fly.
 v - an uncursed amulet of clarity
 D - an uncursed ring of sustain attributes
 E - an uncursed ring of protection from cold
 J - a +5 ring of protection
 L - the amulet "Xudghomme" (around neck) {rMut rN+ Str+2 Dex+3 Slay+3}
   (You found it on level 5 of the Depths)

   [amulet of resist mutation]

   It protects you from mutation.
   It affects your strength (+2).
   It affects your dexterity (+3).
   It affects your accuracy and damage with ranged weapons and melee attacks
   (+3).
   It protects you from negative energy.
 P - the ring "Teh Uroe" (left hand) {rC+ MP+9 Int+3 SInv Stlth+}
   (You found it on level 2 of the Spider Nest)

   [ring of intelligence]

   It affects your intelligence (+3).
   It protects you from cold.
   It affects your magic capacity (+9).
   It lets you see invisible.
   It makes you more stealthy.
 Q - the ring of the Mage {Wiz MR++ Int+3}
   (You found it on level 1 of the Elven Halls)

   [ring of wizardry]

   It improves your spell success rate.
   It affects your intelligence (+3).
   It affects your resistance to hostile enchantments.
 S - the ring of Couttot (right hand) {+Inv rN+ Int+7}
   (You found it on level 5 of the Lair of Beasts)

   [ring of invisibility]

   It affects your intelligence (+7).
   It protects you from negative energy.
   It lets you turn invisible.
 X - an uncursed amulet of resist corrosion
 Z - an uncursed ring of protection from magic
Magical devices
 d - a wand of invisibility (6)
 l - a wand of disintegration (9)
 M - a wand of heal wounds (6)
Scrolls
 i - 21 scrolls of remove curse
 j - 27 scrolls of teleportation
 m - 12 scrolls of enchant armour
 q - 6 scrolls of enchant weapon
 w - 8 scrolls of fog
 y - 6 scrolls of recharging
 z - 13 scrolls of identify
 K - 6 scrolls of blinking
 N - 2 scrolls of silence
 V - 2 scrolls of holy word
Potions
 b - 2 potions of magic
 c - 6 potions of might
 g - 3 potions of brilliance
 o - 37 potions of curing
 p - 6 potions of berserk rage
 r - 6 potions of cure mutation
 t - 3 potions of cancellation
 u - 11 potions of agility
 A - 5 potions of heal wounds
 F - 3 potions of invisibility
 G - 3 potions of resistance
 O - 9 potions of haste
Books
 h - a Necronomicon

   Spells                             Type                      Level
   a - Haunt                          Necromancy/Summoning         7
   b - Borgnjor's Revivification      Necromancy                   8
   c - Death's Door                   Charms/Necromancy            8
   d - Necromutation                  Transmutation/Necromancy     8
Miscellaneous
 Y - a lamp of fire
Comestibles
 e - 42 bread rations
 k - 25 meat rations
 s - 4 chunks of flesh
 B - 20 royal jellies
 T - 46 fruits


   Skills:
 O Level 27 Fighting
 O Level 27 Staves
 - Level 2.0(7.0) Throwing
 O Level 27 Armour
 O Level 27 Dodging
 + Level 9.3 Spellcasting
 - Level 5.7 Charms
 + Level 10.1 Necromancy
 + Level 7.5 Transmutations
 - Level 6.3 Air Magic
 - Level 12.5 Invocations
 - Level 12.1 Evocations


You had 34 spell levels left.
You knew the following spells:

 Your Spells              Type           Power        Failure   Level  Hunger
a - Repel Missiles        Chrm/Air       ####..       3%          2    None
b - Animate Skeleton      Necr           N/A          1%          1    None
c - Sublimation of Blood  Necr           #####.....   1%          2    None
d - Regeneration          Chrm/Necr      ####......   2%          3    #......
e - Stoneskin             Trmt/Erth      ###.....     10%         2    None


Dungeon Overview and Level Annotations

Branches:
Dungeon (15/15)            Temple (1/1) D:7            Lair (8/8) D:9
 Shoals (4/4) Lair:3       Spider (4/4) Lair:5        Slime (6/6) Lair:6
    Orc (4/4) D:12            Elf (3/3) Orc:4        Vaults (5/5) D:14
  Crypt (3/3) Vaults:2       Tomb (0/3) Crypt:3      Depths (5/5) D:15
    Zot (5/5) Depths:5

Altars:
Ashenzari
Cheibriados
Dithmenos
Elyvilon
Fedhas
Gozag
Kikubaaqudgha
Makhleb
Nemelex Xobeh
Okawaru
Qazlal
Ru
Sif Muna
Trog
Vehumet
Xom
Yredelemnul
Zin
The Shining One
Beogh
Lugonu

Shops:
D:8 ?   Orc:1 *   Orc:2 [   Orc:3 %   Orc:4 [[(?   Elf:2 }   Shoals:2 =
Vaults:2 !   Vaults:3 *   Depths:1 ![[[(

Portals:
Hell: Depths:1 Depths:2 Depths:3 Depths:4 Depths:5
Abyss: Depths:4 Depths:5
Pandemonium: Depths:3 Depths:4
Ziggurat: Depths:5

Annotations:
D:2 Sigmund


Innate Abilities, Weirdness & Mutations

You reflexively headbutt those who attack you in melee.
You have a pair of horns on your head.
You have a beak for a mouth.
Scrolls take you a little longer to read.
You are somewhat resistant to further mutation.
You are robust (+10% HP).


Message History

* * * LOW HITPOINT WARNING * * *
You are encased in ice.
You hear a loud, deep croak!
Drink which item? (? for menu, Esc to quit)
You feel much better.
You are engulfed in freezing vapours.
You resist. Wupietuc hits you!
* * * LOW HITPOINT WARNING * * *
Drink which item? (? for menu, Esc to quit)
You feel much better.
You are engulfed in freezing vapours.
You resist.
* * * LOW HITPOINT WARNING * * *
Wupietuc misses you. The Shadow Fiend gestures at you.
The bolt of negative energy misses you.
Drink which item? (? for menu, Esc to quit)
You feel much better.
You are engulfed in freezing vapours.
You resist.
* * * LOW HITPOINT WARNING * * *
Wupietuc gestures wildly while chanting.
The dungeon rumbles around Wupietuc!
You shudder from the earth-shattering force.
You die...

... #.# #.# .# 5..
#.#####.# ###.###
....[...# #.§...#
........# ##.#.####
........# #)1§...$#
........# ##.#§§###
........# #§§&.#
........# #@§#
........#######§§§#
.............§§§§§#
............§§§§§#.
#.####..############
#.# #..# #.# #..#
#.# #..# #.# #..#


You could see Wupietuc and a Shadow Fiend.

Vanquished Creatures
  the royal jelly (Slime:6)
  A seraph (Pan)
  5 orbs of fire
  7 ancient liches
  A shard shrike (Zig:9)
  Frederick (Crypt:3)
  Margery (Crypt:3)
  4 Killer Klowns
  A curse toe (Zot:3)
  4 caustic shrikes (Depths:3)
  4 pandemonium lords
  Nikola (Shoals:3)
  Jory (Depths:4)
  12 golden dragons
  3 bone dragons
  4 electric golems
  A shard shrike zombie (Crypt:1)
  8 liches
  Jorgrun (Crypt:1)
  An Ice Fiend (Zig:9)
  19 tentacled monstrosities
  Rupert (Orc:4)
  25 Orb Guardians (Zot:5)
  6 Shadow Fiends (Pan)
  2 deep elf master archers
  2 deep elf blademasters
  2 quicksilver dragons (Vaults:5)
  2 titans (Vaults:5)
  An octopode crusher (Zig:6)
  2 krakens
  23 acid blobs
  7 sphinxes
  6 tengu reavers
  Agnes (Spider:3)
  Frances (Spider:2)
  3 ancient champions
  A shadow dragon (shapeshifter) (Zig:8)
  Kirke (Spider:2)
  8 tentacled starspawn
  14 storm dragons
  2 sphinxes (shapeshifter) (Zig:8)
  7 shadow dragons
  8 draconian monks
  14 daevas (Pan)
  Roxanne (Elf:3)
  5 revenants
  22 azure jellies
  Ilsuiw (Shoals:4)
  A chaos champion (Pan)
  Donald (Spider:4)
  13 frost giants
  A fire giant (shapeshifter) (Zig:8)
  9 ghost moths
  Maud (D:11)
  9 draconian knights
  15 deep elf sorcerers
  10 fire giants
  An orc warlord (Orc:4)
  The ghost of edsrzf the Imperceptible, a mighty DEEn of Sif Muna (Shoals:3)
  5 draconian scorchers
  Aizul (Spider:4)
  2 balrugs
  Louise (Elf:2)
  19 vault wardens
  2 curse skulls (Crypt:1)
  2 draconian zealots
  29 angels (Pan)
  20 very ugly things
  7 emperor scorpions
  8 draconian shifters
  5 draconian annihilators
  3 ghouls (Crypt:2)
  5 cacodemons
  2 spriggan defenders (Depths:3)
  13 ironheart preservers
  12 ophanim (Pan)
  A reaper (Zig:5)
  8 green draconians
  24 stone giants
  12 black draconians
  9 vampire knights
  6 draconian callers
  11 deep elf annihilators
  22 apis (Pan)
  9 deep elf demonologists
  2 lorocyprocas
  A salamander stormcaller (Vaults:5)
  8 purple draconians
  Azrael (D:13)
  8 red draconians
  14 yellow draconians
  A black sun (Pan)
  9 white draconians
  2 corrupters (Pan)
  6 mottled draconians
  13 ettins
  5 blizzard demons
  2 eidola (Crypt:1)
  3 green deaths (Pan)
  11 deep elf death magi
  13 death oozes
  11 merfolk javelineers
  13 great orbs of eyes
  3 fire dragons (shapeshifter) (Depths:2)
  A quicksilver dragon zombie (Crypt:3)
  16 fire dragons
  14 merfolk impalers
  8 rakshasas
  33 vault guards
  11 death cobs
  7 hydras
  19 ice dragons
  5 deep elf high priests
  27 jiangshi
  17 ogre magi
  15 yaktaur captains
  An ice dragon (shapeshifter) (Depths:2)
  Erolcha (D:8)
  8 spriggan air magi
  2 hell beasts
  3 entropy weavers
  3 merfolk avatars
  2 monstrous demonspawn (Pan)
  An anaconda (shapeshifter) (Vaults:5)
  2 catoblepae
  12 centaur warriors
  6 death knights
  10 merfolk aquamancers
  11 deep troll earth magi
  2 satyrs (Shoals:4)
  7 tengu warriors
  18 vampire magi
  6 deep troll shamans
  8 hell hogs (Abyss:3)
  22 dancing weapons
  2 orc high priests
  A titan zombie (Crypt:3)
  A naga sharpshooter (Zig:4)
  28 death yaks
  14 thrashing horrors
  11 spriggan berserkers
  7 sun demons
  Sonja (Lair:4)
  20 deep elf knights
  5 iron trolls
  2 storm dragon zombies
  17 shadow wraiths
  2 soul eaters (Crypt:3)
  12 hell knights
  9 wretched stars
  22 sea snakes
  37 skeletal warriors
  An infernal demonspawn (Pan)
  13 cherubim (Pan)
  A sea snake (shapeshifter) (Vaults:3)
  2 spatial maelstroms
  3 salamander mystics (Depths:2)
  3 fire crabs
  5 ice devils
  2 golden dragon zombies
  An unseen horror (D:11)
  10 deep elf summoners
  2 anaconda zombies
  4 torturous demonspawn
  2 anubis guards (Zig:1)
  6 flayed ghosts
  An unseen horror (shapeshifter) (Vaults:4)
  22 deep trolls
  25 phantasmal warriors
  12 orc knights
  4 lindwurms
  3 putrid demonspawn
  2 golden dragon skeletons
  9 hill giants
  2 shadow dragon zombies (Crypt:3)
  3 shadow demons
  19 deep elf conjurers
  21 starcursed masses
  4 giant orange brains
  19 harpies
  23 ironbrand convokers
  4 wizards
  21 wolf spiders
  2 anubis guards (shapeshifter)
  A harpy (shapeshifter) (Vaults:1)
  A wolf spider zombie (Crypt:3)
  A mana viper (Abyss:1)
  The ghost of yottam the Cruncher, an experienced HuWn of Okawaru (D:6)
  2 oklob plants
  29 ugly things
  7 hornets
  13 orb spiders
  12 cyclopes
  5 worldbinders
  3 fire giant zombies
  10 fauns
  6 necromancers
  2 frost giant zombies
  3 orc sorcerers
  A guardian serpent (shapeshifter) (Vaults:4)
  21 moths of wrath
  9 griffons
  A shadow dragon skeleton (D:15)
  7 sirens
  A cyclops (shapeshifter) (Depths:2)
  7 shining eyes
  An elephant (shapeshifter) (Depths:2)
  9 sixfirhies
  6 water nymphs
  20 manticores
  2 dire elephant zombies (Crypt:3)
  18 elephants
  2 apocalypse crabs
  A moth of wrath (shapeshifter) (Vaults:4)
  8 black mambas
  18 smoke demons
  18 vault sentinels
  A spriggan zombie (Depths:4)
  3 gargoyles
  6 centaur zombies
  A spiny frog (shapeshifter) (Vaults:1)
  A stone giant skeleton (Crypt:2)
  5 rust devils
  12 orange demons
  2 komodo dragons (shapeshifter)
  2 naga magi (Depths:2)
  An elephant slug zombie (Crypt:1)
  14 spiny frogs
  A shock serpent skeleton (Crypt:3)
  29 large abominations
  8 demonic crawlers
  8 kobold demonologists
  3 komodo dragons
  A tormentor (Pan)
  48 yaktaurs
  An emperor scorpion zombie (Crypt:3)
  2 hydra zombies
  5 spectral swamp worms (Depths:1)
  2 fire drakes
  A queen bee (Lair:4)
  3 ancient zymes
  3 efreet
  3 tengu conjurers
  A blue devil (Zig:5)
  A guardian mummy (Crypt:1)
  5 hellwings
  A golden dragon simulacrum (Depths:4)
  43 merfolk
  6 red devils (Pan)
  A white draconian skeleton (Crypt:1)
  24 jumping spiders
  4 polar bears (Lair:4)
  A polar bear (shapeshifter) (Abyss:1)
  5 wind drakes
  A red draconian skeleton (Crypt:3)
  A wind drake (shapeshifter) (Depths:3)
  23 deep elf priests
  31 two-headed ogres
  A jumping spider (shapeshifter) (Vaults:4)
  10 freezing wraiths
  9 trolls
  19 raiju
  A trapdoor spider zombie (D:14)
  73 slime creatures
  A merfolk (shapeshifter) (Vaults:5)
  13 boulder beetles
  A guardian serpent zombie (Crypt:2)
  A bog body (Crypt:2)
  13 snapping turtles
  30 blink frogs
  A centaur simulacrum (D:14)
  2 blink frogs (shapeshifter) (Vaults:4)
  A frost giant simulacrum (Depths:4)
  18 wraiths
  18 trapdoor spiders
  19 tarantellas
  A salamander simulacrum (Vaults:2)
  A fire dragon skeleton (Abyss:1)
  8 shadows
  2 ettin skeletons
  3 flying skulls (Crypt:3)
  47 redbacks
  30 deep elf magi
  10 small abominations
  2 tarantellas (shapeshifter)
  A redback (shapeshifter) (Depths:2)
  3 spriggans (Depths:3)
  2 air elementals (Depths:3)
  A basilisk (shapeshifter) (Vaults:2)
  4 fire bats (Abyss:3)
  12 ynoxinuls
  24 vampire mosquitoes
  2 spriggans (shapeshifter)
  A fire elemental (D:13)
  A human (shapeshifter) (D:15)
  2 wind drake skeletons
  A hill giant zombie (Crypt:1)
  31 yaks
  38 deep elf fighters
  11 chaos spawn
  13 vampires
  A redback simulacrum (D:14)
  15 golden eyes
  2 basilisks
  A hog (shapeshifter) (Vaults:4)
  17 water elementals
  9 wyverns
  6 hippogriffs
  10 hogs
  16 wolves
  2 steam dragons
  A harpy simulacrum (Depths:2)
  5 spatial vortices
  Menkaure (D:7)
  A hippogriff (shapeshifter) (Vaults:1)
  11 neqoxecs
  A tengu zombie (Zig:2)
  3 hungry ghosts
  4 mottled dragons
  A soldier ant (D:14)
  9 wargs
  7 hell hounds
  An infernal demonspawn skeleton (Crypt:2)
  14 water moccasins
  10 ice beasts
  10 porcupines
  7 wasps
  A manticore zombie (Crypt:3)
  4 sky beasts
  6 spiders (Spider:3)
  3 fire dragon simulacra (Depths:2)
  41 orc warriors
  A black bear (shapeshifter) (Vaults:3)
  A black bear (D:10)
  79 ogres
  An eye of draining (shapeshifter) (Depths:1)
  6 eyes of draining
  4 necrophages (Crypt:2)
  11 phantoms
  37 centaurs
  A crocodile (shapeshifter) (Depths:5)
  A fire drake zombie (Crypt:2)
  A manticore skeleton (Crypt:1)
  2 ettin simulacra
  17 boggarts
  3 big kobolds
  2 brain worms (Abyss:3)
  19 crocodiles
  An elf skeleton (Crypt:3)
  21 giant frogs
  A deep troll simulacrum (Depths:2)
  An earth elemental (Depths:2)
  29 killer bees
  A cyclops skeleton (Crypt:1)
  A scorpion (D:8)
  A human simulacrum (Vaults:2)
  10 wights
  11 crimson imps
  An electric eel (D:15)
  41 orc wizards
  3 giant frog skeletons
  2 giant frog zombies (D:11)
  12 iron imps
  9 iguanas
  Ijyb (D:2)
  3 human zombies (Crypt:1)
  31 jellies
  3 human skeletons (Crypt:1)
  26 orc priests
  11 centaur skeletons
  3 hounds
  4 quasits
  6 lightning spires (Abyss:3)
  12 worker ants
  2 giant frog simulacra (D:10)
  33 sheep
  A sky beast zombie (Crypt:2)
  A hound zombie (D:10)
  A hound skeleton (D:6)
  A worker ant zombie (D:8)
  4 mummies
  94 river rats
  21 gnolls
  17 adders
  6 white imps
  9 shadow imps
  2 ufetubi
  An adder skeleton (D:5)
  A halfling skeleton (Crypt:3)
  3 worms
  4 giant geckos
  214 orcs
  2 bat skeletons
  A bat zombie (Crypt:3)
  4 giant cockroaches
  15 goblins
  32 hobgoblins
  6 quokkas
  4 ball pythons
  10 bats
  A giant gecko skeleton (D:4)
  8 giant newts
  11 jackals
  A jackal skeleton (Crypt:1)
  A jackal zombie (Crypt:2)
  42 kobolds
  A quokka skeleton (D:8)
  35 rats
  A rat zombie (Crypt:1)
  4 crawling corpses
  3 fire vortices (Vaults:5)
  A fungus (Lair:8)
  A lost soul (Crypt:3)
  2 plants
  7 starspawn tentacles
  8 tentacles
  A tentacle segment (Shoals:3)
3725 creatures vanquished.

Vanquished Creatures (others)
  A lich (Vaults:5)
  A titan (Vaults:5)
  A tengu reaver (Vaults:5)
  A draconian knight (Zot:2)
  A deep elf sorcerer (Elf:3)
  2 ogre magi (Vaults:5)
  A deep elf knight (Elf:1)
  A shadow wraith (Vaults:5)
  An ironbrand convoker (Vaults:5)
  A moth of wrath (Zot:3)
  A vault sentinel (Vaults:5)
  A komodo dragon (Lair:8)
  2 blink frogs (Lair:7)
  2 redbacks (Spider:1)
  A ynoxinul (Pan)
  A frost giant simulacrum (Depths:4)
  A fire bat (Abyss:3)
  A neqoxec (Pan)
  3 ogres
  A sheep (Lair:7)
  A white imp (Abyss:3)
  A shadow imp (Abyss:3)
  An ufetubus (Abyss:3)
  A block of ice (Pan)
  2 crawling corpses (Elf:3)
  10 fungi
  6 lost souls
  7 plants
  12 starspawn tentacles
  161 starspawn tentacle segments
  26 tentacles
  818 tentacle segments
1071 creatures vanquished.

Grand Total: 4796 creatures vanquished

Notes
Turn   | Place    | Note
--------------------------------------------------------------
     0 | D:1      | Geeful the Minotaur Gladiator began the quest for the Orb.
     0 | D:1      | Reached XP level 1. HP: 18/18 MP: 0/0
   355 | D:1      | Reached skill level 1 in Armour
   536 | D:1      | Reached XP level 2. HP: 25/25 MP: 1/1
   833 | D:2      | Reached skill level 4 in Staves
  1045 | D:2      | Reached XP level 3. HP: 30/30 MP: 2/2
  1182 | D:2      | Noticed Ijyb
  1188 | D:2      | Killed Ijyb
  1291 | D:2      | Reached XP level 4. HP: 36/38 MP: 3/3
  1322 | D:2      | Noticed Sigmund
  2518 | D:4      | Reached XP level 5. HP: 43/45 MP: 4/4
  2607 | D:4      | Reached skill level 5 in Staves
  2985 | D:4      | Noticed a giant frog
  2989 | D:4      | Killed a giant frog
  2989 | D:4      | Reached XP level 6. HP: 48/52 MP: 5/5
  3022 | D:5      | Entered Level 5 of the Dungeon
  3094 | D:5      | Identified a -1 rod of inaccuracy (14/14) (You found it on level 5 of the Dungeon)
  3100 | D:5      | Reached skill level 5 in Dodging
  3725 | D:5      | Found a glowing drain.
  3733 | Sewer    | Entered a sewer
  3898 | Sewer    | Reached XP level 7. HP: 60/60 MP: 6/6
  4608 | D:5      | Reached skill level 5 in Fighting
  4621 | D:6      | Found a white marble altar of Elyvilon.
  4720 | D:6      | Noticed yottam's ghost (experienced HuWn)
  4750 | D:6      | Killed yottam's ghost
  4750 | D:6      | Reached skill level 6 in Staves
  4750 | D:6      | Reached skill level 5 in Armour
  4750 | D:6      | Reached XP level 8. HP: 67/70 MP: 7/7
  4880 | D:6      | Reached skill level 7 in Staves
  5517 | D:7      | Noticed Menkaure
  5804 | D:7      | Found a staircase to the Ecumenical Temple.
  5812 | Temple   | Entered the Ecumenical Temple
  5820 | Temple   | Became a worshipper of Warmaster Okawaru
  6125 | D:7      | Killed Menkaure
  6138 | D:7      | Reached XP level 9. HP: 79/79 MP: 8/8
  6562 | D:8      | Reached skill level 8 in Staves
  6588 | D:8      | Acquired Okawaru's first power
  6632 | D:8      | Found Coipteb's Magic Scroll Shop.
  6636 | D:8      | Bought a scroll of teleportation for 36 gold pieces
  6636 | D:8      | Bought a scroll of enchant armour for 90 gold pieces
  6951 | D:8      | Noticed Erolcha
  7004 | D:8      | Killed Erolcha
  7010 | D:8      | Reached skill level 9 in Staves
  7286 | D:9      | Found a staircase to the Lair.
  7799 | D:9      | Reached XP level 10. HP: 89/91 MP: 9/9
  8480 | D:10     | Entered Level 10 of the Dungeon
  8509 | D:10     | Reached skill level 10 in Staves
  8593 | D:10     | Noticed a hill giant
  8597 | D:10     | Noticed a hill giant
  8748 | Lair:1   | Entered Level 1 of the Lair of Beasts
  8757 | Lair:1   | Reached skill level 10 in Fighting
 10159 | Lair:2   | Acquired Okawaru's second power
 10159 | Lair:2   | Reached skill level 10 in Armour
 10159 | Lair:2   | Reached skill level 10 in Dodging
 10159 | Lair:2   | Reached XP level 11. HP: 92/101 MP: 10/10
 10363 | Lair:2   | Reached skill level 11 in Staves
 10469 | Lair:2   | Noticed a black mamba
 10478 | Lair:2   | Killed a black mamba
 10803 | Lair:3   | Found a dark tunnel.
 10908 | Volcano  | Entered a volcano
 11294 | Lair:3   | Noticed a catoblepas
 11310 | Lair:3   | Killed a catoblepas
 11690 | Lair:3   | Found a staircase to the Shoals.
 11781 | Lair:3   | Noticed a four-headed hydra
 11789 | Lair:3   | Killed a four-headed hydra
 12123 | Lair:3   | Reached skill level 12 in Staves
 12274 | Lair:4   | Noticed Sonja
 12283 | Lair:4   | Noticed a death yak
 12284 | Lair:4   | Noticed a death yak
 12284 | Lair:4   | Noticed a death yak
 12285 | Lair:4   | Noticed a death yak
 12286 | Lair:4   | Noticed a death yak
 12288 | Lair:4   | Noticed a death yak
 12375 | Lair:4   | Killed Sonja
 12400 | Lair:4   | Reached XP level 12. HP: 42/112 MP: 11/11
 12648 | Lair:4   | Received a gift from Okawaru
 12666 | Lair:4   | Got a polished ring mail {god gift}
 12677 | Lair:4   | Identified the +4 ring mail of Cigu {Str+8 Dex-2} (Okawaru gifted it to you on level 4 of the Lair of Beasts)
 13804 | Lair:4   | Killed a death yak
 13855 | Lair:3   | Killed a death yak
 14126 | Lair:4   | Killed a death yak
 14142 | Lair:4   | Reached skill level 13 in Staves
 14392 | Lair:5   | Found a hole to the Spider Nest.
 15067 | Lair:5   | Got a fine copper ring
 15068 | Lair:5   | Identified the ring of Couttot {+Inv rN+ Int+7} (You found it on level 5 of the Lair of Beasts)
 15084 | Lair:5   | Received a gift from Okawaru
 15087 | Lair:5   | Got an ichor-stained lajatang {god gift}
 15088 | Lair:5   | Identified the +6 lajatang of Giagyqur {slice, *Contam rElec rPois rC+} (Okawaru gifted it to you on level 5 of the Lair of Beasts)
 15642 | Lair:6   | Reached XP level 13. HP: 118/122 MP: 12/12
 16050 | Lair:6   | Reached skill level 1 in Invocations
 16050 | Lair:6   | Reached skill level 1 in Evocations
 16413 | Lair:6   | Received a gift from Okawaru
 16892 | Lair:6   | Found a staircase to the Slime Pits.
 17657 | Lair:6   | Reached skill level 14 in Staves
 17663 | Lair:6   | Received a gift from Okawaru
 17666 | Lair:6   | Got a blackened hat {god gift}
 17670 | Lair:6   | Identified the +2 hat of Okawaru's Supremacy {rF++} (Okawaru gifted it to you on level 6 of the Lair of Beasts)
 18938 | Lair:8   | Entered Level 8 of the Lair of Beasts
 19162 | Lair:8   | Reached XP level 14. HP: 117/132 MP: 16/16
 19697 | Lair:8   | Reached skill level 5 in Invocations
 20054 | Lair:8   | Reached skill level 5 in Evocations
 20171 | Lair:8   | Received a gift from Okawaru
 21152 | D:10     | Killed a hill giant
 21177 | D:10     | Noticed a death yak
 21188 | D:10     | Killed a death yak
 21281 | D:10     | Noticed a hill giant
 21286 | D:10     | Killed a hill giant
 21326 | D:10     | Killed a hill giant
 21535 | D:11     | Found a flagged portal.
 21544 | Bailey   | Entered a bailey
 22192 | D:11     | Noticed Maud
 22203 | D:11     | Killed Maud
 22203 | D:11     | Received a gift from Okawaru
 22203 | D:11     | Reached skill level 15 in Staves
 22807 | D:12     | Found a stormy altar of Qazlal.
 22847 | D:12     | Reached XP level 15. HP: 137/139 MP: 18/18
 23262 | D:12     | Found a roughly hewn altar of Beogh.
 23264 | D:12     | Found a staircase to the Orcish Mines.
 23546 | D:12     | Received a gift from Okawaru
 23549 | D:12     | Got a smoking storm dragon armour {god gift}
 23550 | D:12     | Identified the +0 storm dragon armour "Gugh" {rElec Str+7 SInv Stlth-} (Okawaru gifted it to you on level 12 of the Dungeon)
 23611 | D:12     | Reached skill level 15 in Fighting
 24013 | Orc:1    | Entered Level 1 of the Orcish Mines
 24147 | Orc:1    | Found Empicoad's General Store.
 24467 | Orc:2    | Found a roughly hewn altar of Beogh.
 24716 | Orc:2    | Found Nyeprit's Antique Armour Emporium.
 24734 | Orc:2    | Bought an embroidered cloak for 117 gold pieces
 25225 | Orc:3    | Found Kileox's Food Shoppe.
 25463 | Orc:4    | Entered Level 4 of the Orcish Mines
 25463 | Orc:4    | Noticed Rupert
 25477 | Orc:4    | Killed Rupert
 25600 | Orc:4    | Found a staircase to the Elven Halls.
 25869 | Orc:4    | Found a roughly hewn altar of Beogh.
 25941 | Orc:4    | Found a roughly hewn altar of Beogh.
 25993 | Orc:4    | Found a roughly hewn altar of Beogh.
 26088 | Orc:4    | Found a roughly hewn altar of Beogh.
 26408 | Orc:4    | Found a roughly hewn altar of Beogh.
 26408 | Orc:4    | Found Wewkeup's Antique Armour Emporium.
 26413 | Orc:4    | Found Weips's Antique Weapon Shoppe.
 26563 | Orc:4    | Found a roughly hewn altar of Beogh.
 26577 | Orc:4    | Found Jezawk's Magic Scroll Shop.
 26661 | Orc:4    | Found a roughly hewn altar of Beogh.
 26741 | Orc:4    | Found a roughly hewn altar of Beogh.
 26759 | Orc:4    | Found Fiewni's Armour Shoppe.
 26833 | Orc:4    | Bought the +2 pair of fencer's gloves {LBl+4 SBl+4 EV+3 Dex+6} for 1354 gold pieces
 26833 | Orc:4    | Bought a warped plate armour for 812 gold pieces
 26846 | Orc:4    | Identified the +1 plate armour of the Thistle {rF++} (You bought it in a shop on level 4 of the Orcish Mines)
 27512 | D:13     | Noticed Azrael
 27532 | D:13     | Killed Azrael
 27946 | D:14     | Gained mutation: You have a beak for a mouth. [potion of mutation]
 27946 | D:14     | Gained mutation: You are robust (+10% HP). [potion of mutation]
 27946 | D:14     | Gained mutation: You are somewhat resistant to further mutation. [potion of mutation]
 27984 | D:14     | Found a blossoming altar of Fedhas.
 28114 | D:14     | Reached skill level 15 in Armour
 28118 | D:14     | Received a gift from Okawaru
 28495 | D:14     | Received a gift from Okawaru
 28505 | D:14     | Got a bloodstained cloak {god gift}
 28506 | D:14     | Identified the -4 cloak "Qiewnidwo" {Dex+3} (Okawaru gifted it to you on level 14 of the Dungeon)
 28636 | D:14     | Found a gate to the Vaults.
 28672 | D:14     | Found a sacrificial altar of Ru.
 28708 | D:14     | Found a portal to a secret trove of treasure.
 28961 | D:15     | Entered Level 15 of the Dungeon
 29068 | D:15     | Reached skill level 16 in Staves
 29186 | D:15     | Reached XP level 16. HP: 156/165 MP: 21/21
 29657 | D:15     | Found a staircase to the Depths.
 30500 | Spider:1 | Entered Level 1 of the Spider Nest
 30746 | Spider:1 | Received a gift from Okawaru
 31236 | Spider:2 | Noticed Frances
 31255 | Spider:2 | Killed Frances
 31255 | Spider:2 | Received a gift from Okawaru
 31264 | Spider:2 | Got a fine ring mail {god gift}
 31265 | Spider:2 | Identified the +2 ring mail of the Hart {-Tele Int+2 SInv} (Okawaru gifted it to you on level 2 of the Spider Nest)
 31292 | Spider:2 | Reached skill level 15 in Dodging
 31354 | Spider:2 | Got a glittering brass ring
 31355 | Spider:2 | Identified the ring "Teh Uroe" {rC+ MP+9 Int+3 SInv Stlth+} (You found it on level 2 of the Spider Nest)
 31444 | Spider:2 | Noticed Kirke
 31725 | Spider:2 | Killed Kirke
 32236 | Spider:3 | Noticed Agnes
 32246 | Spider:3 | Killed Agnes
 32540 | Spider:4 | Entered Level 4 of the Spider Nest
 32542 | Spider:4 | Noticed Donald
 32554 | Spider:4 | Killed Donald
 32854 | Spider:4 | Noticed Aizul
 32862 | Spider:4 | Killed Aizul
 32862 | Spider:4 | Received a gift from Okawaru
 33171 | Spider:4 | Reached XP level 17. HP: 166/176 MP: 23/23
 33909 | Spider:4 | Reached skill level 17 in Staves
 33982 | Spider:4 | Got a gossamer rune of Zot
 34305 | Shoals:1 | Entered Level 1 of the Shoals
 34371 | Lair:3   | Upgraded the game from 0.17-a0-1435-geafbe2f to 0.17-a0-1443-g24042e0
 34694 | Shoals:1 | Identified a scroll of acquirement
 35014 | Shoals:1 | Received a gift from Okawaru
 35076 | Shoals:1 | Reached skill level 10 in Invocations
 35526 | Shoals:2 | Upgraded the game from 0.17-a0-1443-g24042e0 to 0.17-a0-1444-gd584d2b
 36415 | Shoals:2 | Found Ixiehuic's Jewellery Shop.
 36817 | Shoals:2 | Received a gift from Okawaru
 37689 | Shoals:3 | Noticed Nikola
 37701 | Shoals:3 | Killed Nikola
 37701 | Shoals:3 | Reached skill level 10 in Evocations
 37701 | Shoals:3 | Reached XP level 18. HP: 154/187 MP: 24/24
 38109 | Shoals:3 | Noticed edsrzf's ghost (mighty DEEn)
 38123 | Shoals:3 | Killed edsrzf's ghost
 38123 | Shoals:3 | Received a gift from Okawaru
 38680 | Shoals:4 | Entered Level 4 of the Shoals
 39804 | Shoals:4 | Noticed Ilsuiw
 39826 | Shoals:4 | Killed Ilsuiw
 40145 | Shoals:4 | Reached skill level 18 in Staves
 40255 | Shoals:4 | Received a gift from Okawaru
 41438 | Shoals:4 | Got a barnacled rune of Zot
 42284 | Vaults:1 | Entered Level 1 of the Vaults
 42646 | Vaults:1 | Reached XP level 19. HP: 162/196 MP: 26/26
 43615 | Vaults:1 | Received a gift from Okawaru
 43768 | Vaults:1 | Cast into the Abyss (vault warden)
 43847 | Vaults:1 | Escaped the Abyss
 44547 | Vaults:2 | Found a staircase to the Crypt.
 44934 | Vaults:2 | Received a gift from Okawaru
 45602 | Vaults:2 | Found Owahoireh's Distillery.
 45762 | Vaults:2 | Bought a potion of heal wounds for 100 gold pieces
 46181 | Vaults:3 | Reached XP level 20. HP: 140/207 MP: 28/28
 46226 | Vaults:3 | Reached skill level 19 in Staves
 46833 | Vaults:3 | Received a gift from Okawaru
 46934 | Vaults:3 | Learned a level 2 spell: Repel Missiles
 47096 | Vaults:3 | Found Puplior's General Store.
 47103 | Vaults:3 | Bought a scroll of blinking for 112 gold pieces
 47103 | Vaults:3 | Bought a potion of heal wounds for 75 gold pieces
 47383 | Vaults:4 | Reached skill level 1 in Air Magic
 47405 | Vaults:4 | Received a gift from Okawaru
 47431 | Vaults:4 | Reached skill level 1 in Charms
 47440 | Vaults:4 | Received a gift from Okawaru
 47850 | Vaults:4 | Cast into the Abyss (a deep elf sorcerer)
 47869 | Vaults:4 | Escaped the Abyss
 48346 | Vaults:4 | Received a gift from Okawaru
 48612 | Vaults:4 | Upgraded the game from 0.17-a0-1444-gd584d2b to 0.17-a0-1446-gc28613e
 48616 | Vaults:5 | Entered Level 5 of the Vaults
 48901 | Depths:1 | Entered Level 1 of the Depths
 48910 | Depths:1 | Found a gateway to Hell.
 49346 | Depths:1 | Found Alimynes's Armour Shop.
 49349 | Depths:1 | Found Ceefuhar's Antique Armour Shop.
 49362 | Depths:1 | Found Fastrium's Armour Shop.
 49458 | Depths:1 | Got a steaming ivory amulet
 49476 | Depths:1 | Identified the amulet "Lunwoun" {Inacc Dex+3} (You found it on level 1 of the Depths)
 49708 | Depths:1 | Found Tiut's Distillery.
 50153 | Depths:1 | Found Huexu's Weapon Boutique.
 50865 | Depths:2 | Reached XP level 21. HP: 192/217 MP: 29/29
 51150 | Depths:2 | Found a gateway to a ziggurat.
 51177 | Zig:1    | Entered Level 1 of a ziggurat
 51198 | Zig:2    | Entered Level 2 of a ziggurat
 51205 | Zig:2    | Received a gift from Okawaru
 51205 | Zig:2    | Reached skill level 5 in Air Magic
 51229 | Zig:3    | Entered Level 3 of a ziggurat
 51237 | Zig:3    | Identified the Volume of Boosts and Dislocation (You found it on level 3 of a ziggurat)
 51260 | Zig:3    | Gained mutation: Scrolls take you a little longer to read. [a shining eye]
 51289 | Zig:4    | Entered Level 4 of a ziggurat
 51596 | Zig:5    | Entered Level 5 of a ziggurat
 51772 | Zig:6    | Entered Level 6 of a ziggurat
 51790 | Zig:6    | Reached skill level 5 in Charms
 51863 | Zig:6    | Got a pair of steaming gloves
 51866 | Zig:6    | Identified the +0 pair of gloves of the Known World {rCorr Str+2} (You acquired it on level 6 of a ziggurat)
 51894 | Zig:6    | Reached XP level 22. HP: 226/226 MP: 30/30
 51929 | Zig:7    | Entered Level 7 of a ziggurat
 52041 | Zig:8    | Entered Level 8 of a ziggurat
 52054 | Zig:8    | Noticed Bynur the pandemonium lord
 52084 | Zig:8    | Killed Bynur the pandemonium lord
 52166 | Zig:8    | Got a pitted triple crossbow
 52192 | Zig:9    | Entered Level 9 of a ziggurat
 52262 | Zig:9    | Noticed a shard shrike
 52274 | Zig:9    | Killed a shard shrike
 52326 | Zig:9    | Gained mutation: You are agile. (Dex +2) [potion of beneficial mutation]
 53056 | D:14     | You paid a toll of a +6 demon trident to enter a treasure trove
 53057 | Trove    | Entered a treasure trove
 53073 | Trove    | Got a scintillating silver ring
 53263 | Trove    | Identified the ring of Pasi {+Fly Str+5 Int-2} (You found it in a treasure trove)
 53555 | Depths:2 | Received a gift from Okawaru
 53625 | Depths:2 | Reached skill level 20 in Staves
 53989 | Depths:3 | Cast into the Abyss (an ogre mage)
 55187 | Abyss:1  | Reached XP level 23. HP: 218/237 MP: 31/31
 55691 | Depths:3 | Escaped the Abyss
 55895 | Depths:3 | Received a gift from Okawaru
 55936 | Depths:3 | Found a one-way gate leading to the halls of Pandemonium.
 56083 | Depths:3 | Received a gift from Okawaru
 56195 | Depths:3 | Got a dazzling quarterstaff {god gift}
 56198 | Depths:3 | Identified the +1 quarterstaff of the Grave {drain, rN+ MP+9 Dex+4} (Okawaru gifted it to you on level 3 of the Depths)
 56745 | Depths:3 | Reached skill level 21 in Staves
 56951 | Depths:3 | Received a gift from Okawaru
 57606 | Depths:3 | Noticed an ancient lich
 57620 | Depths:3 | Killed an ancient lich
 57832 | Depths:3 | Identified the Catalogue of Floating Boosts
 57967 | Depths:4 | Found a one-way gate to the infinite horrors of the Abyss.
 58028 | Depths:4 | Reached XP level 24. HP: 211/250 MP: 31/31
 58117 | Depths:4 | Found a glowing golden altar of the Shining One.
 58598 | Depths:4 | Noticed Jory
 58610 | Depths:4 | Killed Jory
 59130 | Depths:4 | Received a gift from Okawaru
 59211 | Depths:5 | Entered Level 5 of the Depths
 59245 | Depths:5 | Got a heavily runed zirconium amulet
 59249 | Depths:5 | Identified the amulet "Xudghomme" {rMut rN+ Str+2 Dex+3 Slay+3} (You found it on level 5 of the Depths)
 59303 | Depths:5 | Found a corrupted altar of Lugonu.
 59433 | Depths:5 | Found a gate to the Realm of Zot.
 59557 | Depths:5 | Received a gift from Okawaru
 59560 | Depths:5 | Got a crystal quarterstaff {god gift}
 59561 | Depths:5 | Identified the +9 quarterstaff of Yttorchau {distort, rC+ Str+6} (Okawaru gifted it to you on level 5 of the Depths)
 59782 | Depths:5 | Reached skill level 22 in Fighting
 59823 | Depths:5 | Found a gateway to a ziggurat.
 60474 | Elf:1    | Entered Level 1 of the Elven Halls
 60518 | Elf:1    | Cast into the Abyss (a deep elf sorcerer)
 60532 | Elf:1    | Escaped the Abyss
 61068 | Elf:1    | Found a bloodstained altar of Trog.
 61671 | Elf:2    | Found a runed gate.
 61671 | Elf:2    | Found a runed gate.
 61671 | Elf:2    | Found a runed gate.
 61753 | Elf:2    | Found Ruiligo's Gadget Shop.
 61826 | Elf:2    | Received a gift from Okawaru
 61836 | Elf:2    | Found a deep blue altar of Sif Muna.
 62135 | Elf:2    | Reached XP level 25. HP: 222/264 MP: 30/31
 62182 | Elf:2    | Noticed Louise
 62198 | Elf:2    | Killed Louise
 62407 | Elf:3    | Entered Level 3 of the Elven Halls
 62827 | Elf:3    | Received a gift from Okawaru
 63253 | Elf:3    | Got a warped golden ring
 63257 | Elf:3    | Identified the ring "Pihanyss" {Ice rN+ Dex+3} (You found it on level 3 of the Elven Halls)
 63276 | Elf:3    | Identified the Compendium of Good Luck and the Birds (You found it on level 3 of the Elven Halls)
 63333 | Elf:3    | Identified Ebudiet's Handbook of Aid (You found it on level 3 of the Elven Halls)
 63346 | Elf:3    | Got a shimmering plate armour
 63357 | Elf:3    | Identified the +3 plate armour "Iruve" {rPois Regen+ Int-5} (You found it on level 3 of the Elven Halls)
 63567 | Elf:3    | Noticed Roxanne
 63641 | Elf:3    | Killed Roxanne
 64956 | Vaults:5 | Reached skill level 23 in Fighting
 64965 | Vaults:5 | Received a gift from Okawaru
 65282 | Vaults:5 | Noticed a golden dragon
 65292 | Vaults:5 | Killed a golden dragon
 65641 | Vaults:5 | Reached XP level 26. HP: 184/276 MP: 31/31
 65714 | Vaults:5 | Got a pitted silver ring
 65716 | Vaults:5 | Identified the cursed ring of the Garden {-Tele rPois rN+ MP+9 Int-2} (You took it off a vault warden on level 5 of the Vaults)
 66075 | Vaults:5 | Received a gift from Okawaru
 66078 | Vaults:5 | Noticed a golden dragon
 66093 | Vaults:5 | Killed a golden dragon
 66214 | Vaults:5 | Received a gift from Okawaru
 66351 | Vaults:5 | Got a pair of bloodstained boots {god gift}
 66364 | Vaults:5 | Identified the -1 pair of boots of Infinity {rF+ Int+2} (Okawaru gifted it to you on level 5 of the Vaults)
 66466 | Vaults:5 | Got a distressingly furry cloak
 66477 | Vaults:5 | Identified the +0 cloak of the Crown {rPois rC+ rCorr Int-5} (You found it on level 5 of the Vaults)
 67049 | Vaults:5 | Identified Witib's Reference Book on Unholy Arts (You found it on level 5 of the Vaults)
 67071 | Vaults:5 | Got a silver rune of Zot
 67498 | Vaults:5 | Reached skill level 24 in Fighting
 68082 | Zot:1    | Entered Level 1 of the Realm of Zot
 68144 | Zot:1    | Upgraded the game from 0.17-a0-1446-gc28613e to 0.17-a0-1447-g3d113ad
 69678 | Zot:2    | Received a gift from Okawaru
 70402 | Orc:4    | Bought a slimy plate armour for 812 gold pieces
 70402 | Orc:4    | Bought a steaming chain mail for 275 gold pieces
 70424 | Orc:4    | Identified the +5 plate armour of the Planets {Regen+} (You bought it in a shop on level 4 of the Orcish Mines)
 70455 | Orc:4    | Identified the +8 chain mail of the Lizard {rElec MR+ Str+5 Dex+2} (You bought it in a shop on level 4 of the Orcish Mines)
 71152 | Zot:2    | Reached XP level 27. HP: 254/290 MP: 31/31
 71880 | Zot:3    | Received a gift from Okawaru
 72123 | Zot:3    | Reached skill level 25 in Fighting
 72843 | Zot:3    | Received a gift from Okawaru
 72941 | Zot:4    | Noticed an orb of fire
 72954 | Zot:4    | Killed an orb of fire
 73424 | Zot:5    | Entered Level 5 of the Realm of Zot
 73634 | Zot:5    | Received a gift from Okawaru
 73783 | Zot:5    | Noticed an ancient lich
 73796 | Zot:5    | Killed an ancient lich
 73830 | Zot:5    | Noticed an ancient lich
 73836 | Zot:5    | Killed an ancient lich
 73911 | Zot:5    | Noticed an orb of fire
 73925 | Zot:5    | Killed an orb of fire
 73943 | Zot:5    | Noticed an ancient lich
 73962 | Zot:5    | Received a gift from Okawaru
 73968 | Zot:5    | Killed an ancient lich
 73972 | Zot:5    | Noticed an ancient lich
 73986 | Zot:5    | Killed an ancient lich
 74167 | Zot:5    | Noticed an orb of fire
 74175 | Zot:5    | Lost mutation: You are agile. (Dex +2) [an orb of fire]
 74179 | Zot:5    | Killed an orb of fire
 74179 | Zot:5    | Reached skill level 26 in Fighting
 74304 | Zot:5    | Noticed an orb of fire
 74324 | Zot:5    | Noticed an ancient lich
 74340 | Zot:5    | Killed an ancient lich
 74346 | Zot:5    | Killed an orb of fire
 74354 | Zot:5    | Received a gift from Okawaru
 74831 | Zot:5    | Noticed an ancient lich
 74841 | Zot:5    | Killed an ancient lich
 74841 | Zot:5    | Received a gift from Okawaru
 74952 | Zot:5    | Noticed an orb of fire
 74963 | Zot:5    | Killed an orb of fire
 75991 | Vaults:5 | Learned a level 1 spell: Animate Skeleton
 76380 | Elf:2    | Bought a wand of disintegration (14) for 234 gold pieces
 76769 | Slime:1  | Entered Level 1 of the Pits of Slime
 77019 | Slime:5  | Received a gift from Okawaru
 77032 | Slime:6  | Entered Level 6 of the Pits of Slime
 77170 | Slime:6  | Noticed the royal jelly
 77885 | Slime:6  | Killed the royal jelly
 78871 | Slime:6  | Received a gift from Okawaru
 79211 | Slime:6  | Got a steaming ruby amulet
 79214 | Slime:6  | Identified the amulet of Tafawesafa {Faith +Blink rF+ MP-9 Dex+2} (You found it on level 6 of the Pits of Slime)
 79232 | Slime:6  | Got a slimy rune of Zot
 79858 | Crypt:1  | Entered Level 1 of the Crypt
 79922 | Crypt:1  | Noticed Jorgrun
 79929 | Crypt:1  | Killed Jorgrun
 80760 | Crypt:1  | Learned a level 2 spell: Sublimation of Blood
 81008 | Crypt:1  | Reached skill level 27 in Fighting
 81244 | Crypt:2  | Reached skill level 27 in Staves
 81254 | Crypt:2  | Received a gift from Okawaru
 81261 | Crypt:2  | Learned a level 3 spell: Regeneration
 81657 | Crypt:2  | Received a gift from Okawaru
 82015 | Crypt:3  | Entered Level 3 of the Crypt
 82032 | Crypt:3  | Reached skill level 27 in Armour
 82301 | Crypt:3  | Found a staircase to the Tomb.
 82350 | Crypt:3  | Noticed Margery
 82364 | Crypt:3  | Killed Margery
 82367 | Crypt:3  | Noticed Frederick
 82377 | Crypt:3  | Killed Frederick
 82381 | Crypt:3  | Killed the ghostly Frederick
 83093 | Crypt:3  | Found a basalt altar of Yredelemnul.
 83331 | Crypt:3  | Reached skill level 27 in Dodging
 83499 | Crypt:3  | Reached skill level 1 in Spellcasting
 83503 | Crypt:3  | Reached skill level 1 in Necromancy
 83522 | Crypt:3  | Received a gift from Okawaru
 84040 | Depths:4 | Voluntarily entered the Abyss.
 84218 | Abyss:1  | Found a corrupted altar of Lugonu.
 84327 | Abyss:2  | Found a corrupted altar of Lugonu.
 84937 | Abyss:3  | Got an abyssal rune of Zot
 85038 | Abyss:3  | Reached skill level 5 in Necromancy
 85233 | Abyss:3  | Found a corrupted altar of Lugonu.
 85246 | Abyss:3  | Reached skill level 5 in Spellcasting
 85440 | Depths:4 | Escaped the Abyss
 85513 | Pan      | Entered Pandemonium
 85513 | Pan      | Found a glowing silver altar of Zin.
 86450 | Pan      | Learned a level 2 spell: Stoneskin
 86654 | Pan      | Reached skill level 1 in Transmutations
 86781 | Pan      | Received a gift from Okawaru
 86886 | Pan      | Noticed a seraph
 86903 | Pan      | Killed a seraph
 86919 | Pan      | Found a glowing golden altar of the Shining One.
 86960 | Pan      | Got a demonic rune of Zot
 86974 | Pan      | Got a pair of brightly glowing gloves
 86977 | Pan      | Identified the +0 pair of gloves of Noon {rC++ MR+ Dex-5 Stlth+} (You found it in Pandemonium)
 86988 | Pan      | Identified the Handbook of Supportive Fire (You found it in Pandemonium)
 86994 | Pan      | Identified Vehumet's Volume of Conjuration and the Blaze (You found it in Pandemonium)
 87643 | Pan      | Reached skill level 5 in Transmutations
 87673 | Pan      | Received a gift from Okawaru
 88102 | Pan      | Found a runed door.
 88114 | Pan      | Found a runed door.
 88115 | Pan      | Noticed Maxorocs the pandemonium lord
 88116 | Pan      | Found a runed door.
 88125 | Pan      | Killed Maxorocs the pandemonium lord
 88312 | Pan      | Noticed Terinoq the pandemonium lord
 88322 | Pan      | Killed Terinoq the pandemonium lord
 88587 | Pan      | Received a gift from Okawaru
 88594 | Pan      | Noticed Wimuism the pandemonium lord
 88609 | Pan      | Killed Wimuism the pandemonium lord
 88943 | Pan      | Reached skill level 10 in Necromancy
 89042 | Pan      | Got a faintly glowing chain mail {god gift}
 89045 | Pan      | Identified the +8 chain mail of Cure {Str+6} (Okawaru gifted it to you in Pandemonium)
 89136 | Pan      | Noticed Wupietuc the pandemonium lord
 89162 | Pan      | HP: 12/300 [Wupietuc the pandemonium lord/great icy blast (40)]
 89171 | Pan      | Killed from afar by Wupietuc the pandemonium lord

Vault maps used:
D:1:      lightli_arrival_chessboard, columned_hall_lemuel
D:2:      uniq_iyjb, uniq_sigmund
D:4:      first_bread
D:5:      lightli_sewer_entry_pipes, mrwooster_statue_mirror, amalloy_card_club
D:6:      lemuel_doored_altar
D:7:      grunt_ogre_cave, uniq_menkaure
D:8:      serial_shops, shop_scrolls, serial_bayou_pond_c, uniq_erolcha
D:9:      erik_lair_orcish_takeover
D:10:     serial_ice, serial_ice_o, serial_ice_n, serial_ice_m, serial_ice_a
D:11:     enter_bailey_2, roderic_aztec_sauvastika, uniq_maud
D:12:     david_orc_5, minmay_crystal_room, nicolae_qazlal_general_emergency
D:13:     uniq_azrael
D:14:     hangedman_vaults_entry_quadrant_bands, enter_trove_1, fedhas_altar_2,
          basic_altar
D:15:     gammafunk_depths_entry_grave, hangedman_abyss_or_decor_passed,
          minivault_14
Temple:   nicolae_temple_no_exploring_needed
Lair:3:   shoals_dummy_entry, enter_volcano_3, serial_bayou_shore_b,
          grunt_megastairs_3, serial_bayou_shore_b
Lair:4:   boulder_quad_collide, special_room, beast_lair_carwin_5, uniq_sonja
Lair:5:   dummy_spider_entry, lemuel_fruit_tree
Lair:6:   minmay_slime_entry_oklob_enclosed, infiniplex_staircase_pool_2
Lair:7:   lemuel_fruit_fields, lemuel_fruit_fields, infiniplex_staircase_pool
Lair:8:   hangedman_lair_in_review, wad_woods_road_05
Shoals:2: serial_shops, nicolae_shop_stone, nicolae_shoals_mertower
Shoals:3: uniq_nikola
Shoals:4: shoals_end_simple, shoal_ilsuiw, nicolae_shoals_wave_tunnel
Spider:2: uniq_frances, uniq_kirke
Spider:3: uniq_agnes
Spider:4: spider_rune_water, uniq_donald, uniq_aizul
Slime:1:  cheibrodos_slime_lost_civilization_7
Slime:3:  cheibrodos_slime_lost_civilization_6
Orc:1:    serial_shops, nicolae_shop_statue_plus
Orc:2:    serial_shops, nicolae_shop_trees, kennysheep_orc_chapel
Orc:3:    serial_shops, shop, nicolae_orc_pool_cavern
Orc:4:    grunt_orc_community_town_hall, grunt_orc_community_big_house_2,
          grunt_orc_community_big_house_2, grunt_orc_community_house_3,
          grunt_orc_community_house_3, grunt_orc_community_house_3,
          grunt_orc_community_house_2, grunt_orc_community_house_2,
          grunt_orc_community_house_3, mines2_david, uniq_rupert
Elf:1:    eino_elf_arrival_sip, kennysheep_underground_church,
          evilmike_spriggan_trog_shrine
Elf:2:    serial_shops, nicolae_shop_behind_doors, basic_altar,
          basic_stair_grate_trap, uniq_louise
Elf:3:    minmay_elf_hall_four_x, dk_noncrumbling_4, uniq_roxanne
Vaults:1: vaults_room_pools, vaults_room_door_ring, grunt_vaults_twisty,
          grunt_vaults_bifocal, nicolae_vaults_little_squares_2,
          nicolae_vaults_border_crossing, nicolae_vaults_little_squares_4,
          vaults_dpeg_encased_lava, vaults_dpeg_spiral, vaults_room_pools,
          nicolae_vaults_murderbox, v_alt_pattern_5
Vaults:2: minmay_crypt_entry_simple_round, hangedman_vaults_hat,
          nicolae_vaults_little_squares_2, nicolae_vaults_display_case,
          v_misc_28, nicolae_vaults_ring_of_whatevers,
          nicolae_vaults_shelves_hall, serial_shops, nicolae_shop_statue_plus,
          lightli_enter_wizlab_magi_temple
Vaults:3: grunt_vaults_funnel, v_alt_pattern_1, vaults_dpeg_diagonal,
          nicolae_vaults_minivaults, v_misc_17, nicolae_vaults_rhombus_5,
          serial_shops, shop
Vaults:4: ontoclasm_vaults_spin, grunt_vaults_focal, vaults_mumra_minichess,
          v_misc_25, v_misc_14, hangedman_vaults_variations, v_alt_pattern_2,
          vaults_room_grid, v_misc_10, hangedman_vaults_trim,
          grunt_vaults_hallway_long
Crypt:1:  grunt_crypt_arrival_guarded_gate, uniq_jorgrun
Crypt:2:  minivault_27, glass_columns_a
Crypt:3:  church_of_pain_bobbens, item_on_display_a, uniq_margery,
          uniq_frederick
Depths:1: minmay_misc_feat_cross, serial_shops, shop_fountains, shop,
          nicolae_shop_stone, shop_statue, shop, pf_hell_entry_tar_river,
          kennysheep_generic_room_15
Depths:2: hangedman_crystal_crosses_colossus, hell_entry
Depths:3: grunt_deathspiral_small, hell_entry, nicolae_wwwww,
          rand_demon_pan_entry_3, minmay_librarian, minmay_staircase_statues
Depths:4: due_jory_tower, grunt_pan_entry_sceptre, tso_metal_star, hell_entry,
          abyss_entry, infiniplex_staircase_zigzag_2, basic_stair_grate_trap,
          grunt_megastairs_2
Depths:5: grunt_crosshair, enter_ziggurat_f, abyss_entry_flame_altar, hell_entry
Zot:3:    grunt_ministairs_6, st_stairs_1, zot_minivault_1
Abyss:1:  minivault_25_ag
Abyss:3:  kb_abyss_rune_zappy
Pan:      evilmike_holy_pan, rand_demon_7, rand_demon_8,
          nicolae_pan_mnolegish_5, pan_disco_hall, nicolae_pan_cerebovesque_1,
          evilmike_mini_pan_branches, pan_blood_fountain_small
Zig:3:    ziggurat_loot_3
Zig:6:    ziggurat_pillar_centre_dead_trees
Zig:8:    ziggurat_pillar_centre_smoke
Trove:    trove_jewel_1
Sewer:    sewer_minmay_treatment
Bailey:   bailey_axe_2, bailey
Volcano:  volcano_village

Action                   |  1- 3 |  4- 6 |  7- 9 | 10-12 | 13-15 | 16-18 | 19-21 | 22-24 | 25-27 || total
-------------------------+-------+-------+-------+-------+-------+-------+-------+-------+-------++-------
Melee: Quarterstaff      |    59 |   146 |   311 |   747 |       |       |       |       |       ||  1263
       Lajatang          |       |       |       |    22 |  1413 |  1283 |  1001 |  1286 |  3234 ||  8239
       Unarmed           |       |       |       |       |       |    16 |       |       |       ||    16
 Fire: Blowgun           |       |       |       |    55 |       |       |       |       |       ||    55
Throw: Throwing net      |       |       |       |       |     6 |       |       |       |       ||     6
 Cast: Repel Missiles    |       |       |       |       |       |       |       |    10 |    15 ||    25
       Regeneration      |       |       |       |       |       |       |       |       |     2 ||     2
Invok: Heroism           |       |       |       |     5 |    18 |    14 |     9 |    10 |    20 ||    76
       Finesse           |       |       |       |       |     3 |     5 |     3 |     6 |     6 ||    23
 Abil: Evoke Invisibilit |       |       |       |       |       |     1 |       |       |       ||     1
Evoke: Rod               |       |     4 |       |       |       |       |       |       |       ||     4
       Wand              |       |       |       |     7 |     3 |       |       |     1 |     6 ||    17
       Lamp of fire      |       |       |       |       |       |       |       |       |     1 ||     1
  Use: Potion            |     3 |     4 |     5 |     6 |     2 |     2 |     1 |     7 |    18 ||    48
       Scroll            |       |    10 |     1 |    14 |    17 |    13 |     5 |    13 |    15 ||    88
 Stab: Confused          |       |       |       |     2 |       |       |       |       |     6 ||     8
       Held in net/web   |       |       |       |       |     5 |       |       |       |     2 ||     7
       Petrified         |       |       |       |       |     1 |       |       |       |       ||     1
       Invisible         |       |       |       |       |       |    10 |       |     8 |       ||    18
       Distracted        |       |       |       |       |       |       |       |     1 |     1 ||     2
  Eat: Chunk             |     1 |    10 |    13 |    23 |    46 |    39 |    19 |    21 |    48 ||   220
       Pizza             |       |       |       |     1 |       |     2 |       |     1 |     2 ||     6
       Beef jerky        |       |       |       |       |       |     3 |     6 |     8 |     6 ||    23
       Meat ration       |       |       |       |       |       |       |     1 |       |     7 ||     8
